 Dungeon Crawl Stone Soup version 0.20.0-8-g6b59dc7 (webtiles) character file.

64 dobroeutro the Cudgeler (level 4, 0/28 HPs)
             Began as a Gargoyle Fighter on June 1, 2017.
             Slain by Sigmund
             ... wielding a cursed +0 scythe
              (7 damage)
             ... on level 2 of the Dungeon.
             The game lasted 00:02:20 (1768 turns).

dobroeutro the Cudgeler (Gargoyle Fighter)          Turns: 1768, Time: 00:02:21

Health: 0/28       AC: 13    Str: 25    XL:     4   Next: 12%
Magic:  4/4        EV:  7    Int:  9    God:
Gold:   77         SH:  0    Dex:  9    Spells: 3/3 levels left

rFire    . . .     SeeInvis .   a - +0 flail
rCold    . . .     Gourm    .   c - +0 shield
rNeg     + . .     Faith    .   b - +0 scale mail
rPois    ∞         Spirit   .   (no helmet)
rElec    +         Reflect  .   (no cloak)
rCorr    .         Harm     .   p - +2 pair of gloves
MR       .....                  (no boots)
Stlth    ..........             (no amulet)
Regen    0.1/turn               (no ring)
MPRegen  0.1/turn               (no ring)

@: confused, mighty, heavily drained
A: negative energy resistance 1, electricity resistance, unbreathing,
petrification resistance, rot immunity, AC +3
a: no special abilities


You were on level 2 of the Dungeon.
You were not hungry.

You visited 1 branch of the dungeon, and saw 2 of its levels.

You collected 77 gold pieces.

Inventory:

Hand Weapons
 a - a +0 flail (weapon)
Armour
 b - a +0 scale mail (worn)
 c - a +0 shield (worn)
 p - a +2 pair of gloves (worn)
Wands
 m - a wand of digging (9/24)
Scrolls
 e - 4 scrolls of identify {unknown}
 g - a scroll of amnesia {unknown}
 h - 2 scrolls of teleportation {unknown}
 j - a scroll of fog {unknown}
 l - a scroll of immolation {unknown}
 q - a scroll of enchant armour {unknown}
Potions
 k - 3 potions of degeneration {unknown}
 n - a potion of magic {unknown}
Comestibles
 f - 2 bread rations
 i - a royal jelly


   Skills:
 - Level 3.2(1.7) Fighting
 + Level 4.2(2.7) Maces & Flails
 - Level 3.2(1.7) Armour
 - Level 3.2(1.7) Shields


You had 3 spell levels left.
You didn't know any spells.

Dungeon Overview and Level Annotations

Branches:
Dungeon (2/15)

Altars:
The Shining One

Annotations:
D:2 Sigmund


Innate Abilities, Weirdness & Mutations

You are resistant to torment.
Your stone body is resilient. (AC +3)
You are immune to poison.
You resist negative energy. (rN+)
You are resistant to electric shocks. (rElec)
You can survive without breathing.
You are immune to petrification.
You are immune to rotting.


Message History

* * * LOW HITPOINT WARNING * * *
You hit Sigmund.
Sigmund is moderately wounded.
You block Sigmund's attack.
You sock Sigmund!
Sigmund is heavily wounded.
Sigmund barely misses you.
You sock Sigmund!
Sigmund is almost dead.
Sigmund gestures at you while chanting. You resist with some effort.
You closely miss Sigmund.
Sigmund is almost dead.
Sigmund hits you but does no damage.
You barely miss Sigmund.
Sigmund is almost dead.
Sigmund points at you and mumbles some strange words.
You are confused.
Sigmund hits you with a scythe!
You die...

#############.......#..
............#.......#..
............#.......+..
..........#.......#.. .
..8......#.......#.. ...
♣♣.♣♣....#.......#..
....♣...♣....#.......#..
...8..8..8†..'.......#..
...♣.@@♣....#.......'..
♣♣.♣♣....#.......#..
..8......###########
...........#
.............#
.............#
##############


You could see Sigmund.

Vanquished Creatures
  2 adders (D:2)
  A worm (D:2)
  3 dart slugs
  2 leopard geckos (D:2)
  3 giant cockroaches
  4 goblins
  4 hobgoblins
  2 jackals (D:2)
  3 kobolds
  3 bats (D:2)
  4 frilled lizards
  4 rats
35 creatures vanquished.

Notes
Turn   | Place    | Note
-------+----------+-------------------------------------------
     0 | D:1      | dobroeutro the Gargoyle Fighter began the quest for the Orb.
     0 | D:1      | Reached XP level 1. HP: 14/14 MP: 1/1
   105 | D:1      | Reached XP level 2. HP: 16/19 MP: 2/2
   676 | D:1      | Reached skill level 3 in Maces & Flails
  1009 | D:2      | Reached XP level 3. HP: 8/23 MP: 3/3
  1415 | D:2      | Reached skill level 4 in Maces & Flails
  1557 | D:2      | Reached XP level 4. HP: 28/28 MP: 4/4
  1659 | D:2      | Found a glowing golden altar of the Shining One.
  1748 | D:2      | Noticed Sigmund
  1768 | D:2      | Slain by Sigmund

Skill      XL: |  1  2  3 |
---------------+----------+-----
Maces & Flails | 3 4 |  4.2
Fighting       | |  3.2
Armour         | |  3.2
Shields        | |  3.2

Action                   |  1- 3 |  4- 6 || total
-------------------------+-------+-------++-------
Melee: Flail             |   176 |    26 ||   202
  Use: Potion            |       |     1 ||     1
  Eat: Chunk             |     2 |     1 ||     3
Armor: Scale mail        |   114 |    16 ||   130
Dodge: Dodged            |    73 |     7 ||    80
Block: Shield            |    98 |     8 ||   106
